[Event "*** Titled Tuesday Blitz"]
[Site "Chess.com"]
[Date "2020.04.14"]
[Round "9"]
[White "731291"]
[Black "ErikRonka"]
[Result "1-0"]
[WhiteElo "2618"]
[BlackElo "2411"]
[TimeControl "180+1"]
[EndTime "11:43:37 PDT"]
[Termination "731291 won on time"]

1. d4 d5 2. Nf3 Nf6 3. c4 c6 4. e3 e6 5. Nbd2 c5 6. cxd5 Nxd5 7. Bb5+ Bd7 8. Bxd7+ Nxd7 9. O-O Be7 10. b3 O-O 11.
Bb2 Rc8 12. Rc1 cxd4 13. Bxd4 Qa5 14. Nc4 Qa6 15. Qd2 N7f6 16. Qa5 Qxa5 17. Nxa5 b6 18. Nc6 Ba3 19. Rc2 Rc7 20. Nfe5 Rfc8 21. f3 Kf8 22. e4 Nb4 23. Nxb4 Rxc2 24. Nxc2 Rxc2 25. Rf2 Rc1+ 26. Rf1 Rc2 27. Ra1 Ke7 28. Nc4 Bb4 29. a3 Bc3 30. Bxc3 Rxc3 31. Rb1 Nd7 32. Kf2 f6 33.
Ke2 Nc5 34. Nd2 Nd7 35. a4 Rc8 36. Nc4 Rc5 37. Rd1 a6 38. Rd2 b5 39. axb5 axb5 40.
Ne3 Rc3 41. Rd3 Rc8 42. Kd2 Ra8 43. Nc2 Ne5 44. Rc3 Rd8+ 45. Ke3 Rb8 46. Nd4 Rb6 47. Rc7+ Nd7 48. Rc8 Kd6 49. Rg8 g5 50. Rg7 Ra6 51. Nxb5+ Kc5 52. Nc7 Ra8 53. Rxd7 1-0

[Event "*** Titled Tuesday Blitz"]
[Site "Chess.com"]
[Date "2020.04.14"]
[Round "9"]
[White "Training_Day"]
[Black "Alliswell998"]
[Result "0-1"]
[WhiteElo "2299"]
[BlackElo "2534"]
[TimeControl "180+1"]
[EndTime "11:43:37 PDT"]
[Termination "Alliswell998 won on time"]

1. e4 a6 2. d4 g6 3. Bd3 Bg7 4. Nf3 b5 5. c3 Bb7 6. O-O Nf6 7.
Re1 O-O 8. a4 bxa4 9. Qxa4 d6 10.
Nbd2 Nbd7 11. Nf1 e5 12. Ng3 Re8 13. h3 Nb6 14. Qa5 Qd7 15. Bg5 h6 16. Bd2 exd4 17. cxd4 Nh7 18. Rac1 Nf8 19. Rc2 Ne6 20. Be3 d5 21. e5 Red8 22. b3 Bf8 23. Rec1 Rac8 24. h4 h5 25. Ng5 Kg7 26. Nxe6+ Qxe6 27. Bg5 Rd7 28. f4 Qg4 29. Kh2 Be7 30. Be2 Qe6 31.
f5 gxf5 32. Nxh5+ Kh7 33. Nf6+ Bxf6 34. Bxf6 f4 35. Bd3+ Kh6 36. Rf1 Qg4 37. Qd2 Qg3+ 38. Kh1 Qe3 39. Rxf4 Qxd2 40. Rxd2 c5 41. Bf5 cxd4 42.
Bxd7 Nxd7 43. Rdxd4 Rc1+ 44. Kh2 Nc5 45. b4 Ne6 46. Bg5+ Kg7 47. Rg4 Rc2 48. Bf6+ Kh7 49. Rd3 d4 50. Rdg3 Be4 51. Rg8 Kh6 52. Rh8+ Bh7 53. Re8 d3 54. Bg5+ Nxg5 55. hxg5+ Kg6 0-1

[Event "*** Titled Tuesday Blitz"]
[Site "Chess.com"]
[Date "2020.04.14"]
[Round "9"]
[White "ChessWarrior7197"]
[Black "okriak"]
[Result "0-1"]
[WhiteElo "2904"]
[BlackElo "2845"]
[TimeControl "180+1"]
[EndTime "11:43:38 PDT"]
[Termination "okriak won by checkmate"]

1. e4 e5 2. Nf3 Nc6 3. Bb5 a6 4. Ba4 Nf6 5. O-O Be7 6. Re1 b5 7. Bb3 d6 8. c3 O-O 9. h3 Nb8 10. d4 Nbd7 11. Nbd2 Bb7 12. Bc2 Re8 13. Nf1 Bf8 14.
Ng3 g6 15. Bg5 h6 16. Bd2 Bg7 17. a4 c5 18. d5 c4 19. Nh2 Kh7 20. Ng4 Ng8 21.
Rf1 Qe7 22. Ne3 Ngf6 23. b4 cxb3 24. Bxb3 Nc5 25. axb5 Nfxe4 26. Nxe4 Nxe4 27. bxa6 Bxa6 28. Re1 Nxd2 29. Qxd2 Reb8 30. Ba4 Bb7 31. Bc6 Rxa1 32.
Rxa1 Bc8 33. Qa2 e4 34. Qa7 Rb1+ 35. Nf1 Qxa7 36. Rxa7 h5 37. c4 Bd4 38. Rxf7+ Kh6 39. Rf4 Bf5 40. g3 Be5 41. Kg2 Bxf4 42. gxf4 Bxh3+ 43. Kxh3 Rxf1 44. Kg2 Rc1 45. Bb5 Rc3 46. Kf1 Rf3 47.
Ke2 Rxf4 48. Ke3 Kg5 49. c5 dxc5 50. d6 Rf6 51. d7 Rd6 52. Kxe4 Kf6 53. Kf4 c4 54.
Bxc4 Rxd7 55. Ke3 g5 56. Bd3 Rxd3+ 57. Kxd3 Kf5 58. Ke3 h4 59. Kf3 g4+ 60. Kg2 Kf4 61.
Kg1 Kf3 62. Kf1 g3 63. fxg3 hxg3 64. Kg1 g2 65. Kh2 Kf2 66. Kh3 g1=Q 67. Kh4 Qg6 68.
Kh3 Qh5# 0-1

[Event "*** Titled Tuesday Blitz"]
[Site "Chess.com"]
[Date "2020.04.14"]
[Round "9"]
[White "nocnypako"]
[Black "Durarbayli"]
[Result "1-0"]
[WhiteElo "2610"]
[BlackElo "2800"]
[TimeControl "180+1"]
[EndTime "11:43:38 PDT"]
[Termination "nocnypako won on time"]

1. d4 Nf6 2. c4 e6 3. Nc3 Bb4 4. e3 b6 5. Ne2 Bb7 6. a3 Be7 7. d5 O-O 8. Nf4 e5 9. Nd3 d6 10. Be2 a5 11. Rb1 Re8 12. O-O e4 13. Nf4 Bf8 14.
f3 exf3 15. Bxf3 Nbd7 16. Nd3 Bc8 17. Nb5 a4 18. Nd4 Ne4 19. Bxe4 Rxe4 20. Qf3 Nf6 21. Nf2 Qe8 22. Nxe4 Nxe4 23. Ne6 Nf6 24. Nxc7 Qd8 25.
Nxa8 Ba6 26. e4 Bxc4 27. Bg5 Bxf1 28. Rxf1 Be7 29. Bxf6 Bxf6 30. e5 dxe5 31. d6 Qxd6 32. Rd1 Qc5+ 33. Qf2 Qc4 34. Nxb6 Qb3 35. Rc1 h5 36.
Rc8+ Kh7 37. Qf5+ g6 38. Qxf6 Qd1+ 39. Qf1 Qd4+ 40. Kh1 f5 41. Rc7+ Kh6 42. Nd7 f4 43. Nf8 Qd6 44. Rh7+ Kg5 45. Rf7 Qd5 46. Rd7 Qc6 47. Rg7 Kf5 48. Rxg6 Qc2 49. Rg7 Kf6 50. Rh7 Qxb2 51. Qa6+ 1-0

[Event "*** Titled Tuesday Blitz"]
[Site "Chess.com"]
[Date "2020.04.14"]
[Round "9"]
[White "BakaPG"]
[Black "LuckSlayeer"]
[Result "1-0"]
[WhiteElo "2724"]
[BlackElo "2575"]
[TimeControl "180+1"]
[EndTime "11:43:38 PDT"]
[Termination "BakaPG won by checkmate"]

1. e4 c5 2. Nf3 Nc6 3. Nc3 e6 4.
d4 cxd4 5. Nxd4 Qc7 6. Be2 a6 7. O-O Nf6 8. Kh1 Be7 9. f4 d6 10. Be3 O-O 11. Qe1 Bd7 12. Qg3 Kh8 13. Rae1 b5 14. a3 b4 15. axb4 Nxb4 16. e5 Nfd5 17. Nxd5 Nxd5 18. Bc1 Qc5 19. c3 a5 20. Bd3 h6 21.
Qh3 Kg8 22. Rf3 f5 23. exf6 Rxf6 24. f5 e5 25. Ne6 Qc8 26. Be4 Nb6 27. Bxa8 Nxa8 28.
Rg3 Bxe6 29. fxe6 Qxe6 30. Qh5 Qf7 31. Qxf7+ Kxf7 32. Rf3 Rxf3 33. gxf3 Nb6 34. f4 exf4 35. Bxf4 d5 36. Rf1 Ke6 37. b3 Bf6 38. Be3 Nd7 39.
Bd4 Bxd4 40. cxd4 Nf6 41. Ra1 Kf5 42. Rxa5 Ke4 43. Ra4 Ng4 44. Kg2 Ne3+ 45. Kf2 Nc2 46. b4 Nxd4 47. b5 Ke5 48. Rxd4 Kxd4 49. b6 Ke4 50. b7 d4 51. b8=Q d3 52. Qb6 d2 53.
Qe3+ Kf5 54. Qxd2 g5 55. Qe3 Kg4 56. h3+ Kh5 57. Qf3+ Kh4 58. Qg4# 1-0

[Event "*** Titled Tuesday Blitz"]
[Site "Chess.com"]
[Date "2020.04.14"]
[Round "9"]
[White "Enriquack"]
[Black "Fy_Rakotomaharo"]
[Result "0-1"]
[WhiteElo "2288"]
[BlackElo "2534"]
[TimeControl "180+1"]
[EndTime "11:43:38 PDT"]
[Termination "Fy_Rakotomaharo won by resignation"]

1. e4 c5 2. Nf3 d6 3. d4 cxd4 4. Nxd4 Nf6 5. Nc3 a6 6. Bg5 e6 7. f4 Be7 8. Qf3 Qc7 9. O-O-O Nbd7 10. g4 b5 11. Bxf6 Nxf6 12. g5 Nd7 13. f5 O-O 14.
Rg1 b4 15. Nce2 e5 16. f6 exd4 17. fxe7 Re8 18. Nxd4 Ne5 19. Qb3 Qc5 20. Be2 Bb7 21. Nf5 Bxe4 22. Nxd6 Bg6 23. Nxe8 Rxe8 24. Qa4 Qxe7 25.
Bxa6 Nf3 26. Rgf1 Qe3+ 27. Kb1 Nxh2 28. Rh1 Nf3 29. Qxb4 Qxg5 30. Bd3 h5 31. Bxg6 Qxg6 32.
Qf4 Qg4 33. Qxg4 hxg4 34. Rhf1 Re3 35. Kc1 g3 36. Rd3 Rxd3 37. cxd3 g2 38. Rd1 Kf8 39. a4 g1=Q 40. Rxg1 Nxg1 41. a5 Ne2+ 42. Kd2 Nd4 43.
Kc3 Nc6 44. a6 g5 45. Kc4 g4 46. Kc5 Na7 47. Kb6 g3 48. Kxa7 g2 49. Kb8 g1=Q 50.
a7 Qb6+ 51. Ka8 Ke7 52. b4 Kd7 53. b5 Kc8 0-1

[Event "*** Titled Tuesday Blitz"]
[Site "Chess.com"]
[Date "2020.04.14"]
[Round "9"]
[White "Sanyura"]
[Black "Sashadav97"]
[Result "0-1"]
[WhiteElo "2417"]
[BlackElo "2602"]
[TimeControl "180+1"]
[EndTime "11:43:39 PDT"]
[Termination "Sashadav97 won by checkmate"]

1. e4 c5 2. Nf3 Nc6 3. d4 cxd4 4. Nxd4 Nf6 5. Nc3 d6 6. Bg5 e6 7. Qd2 a6 8. O-O-O Bd7 9. f3 Nxd4 10. Qxd4 Be7 11.
h4 h6 12. Be3 h5 13. Kb1 b5 14.
e5 dxe5 15. Qxe5 Qb8 16. Qd4 O-O 17. g4 e5 18. Qd2 b4 19. Ne4 Nxe4 20. fxe4 Bxg4 21.
Be2 Rd8 22. Qe1 Rxd1+ 23. Qxd1 Qc8 24. Rg1 Bxe2 25. Qxe2 Qh3 26. Bh6 g6 27. Qxh5 Qe6 28. Be3 a5 29. Qe2 a4 30. h5 b3 31. hxg6 fxg6 32.
Qh5 bxc2+ 33. Kc1 Ra6 34. Qh6 Bf8 35. Qg5 Qxa2 36. Qxe5 Qb1+ 37. Kd2 Rd6+ 38. Ke2 Qxg1 39. Bxg1 c1=Q 40. Bd4 Qc4+ 41. Ke3 Qxd4+ 42. Qxd4 Rxd4 43. Kxd4 a3 44. bxa3 Bxa3 45. Ke5 Kf7 46. Kf4 Be7 47. Kg4 Ke6 48. Kf4 g5+ 49. Kg4 Ke5 50. Kf3 Kd4 51.
Kg3 Kxe4 52. Kg4 Ke5 53. Kh5 Kf5 54. Kh6 g4 55. Kg7 Bg5 56. Kf7 g3 57. Kg7 g2 58.
Kf7 g1=Q 59. Kg7 Qa7+ 60. Kf8 Kf6 61. Kg8 Qg7# 0-1

[Event "*** Titled Tuesday Blitz"]
[Site "Chess.com"]
[Date "2020.04.14"]
[Round "9"]
[White "ahachess"]
[Black "IMRosen"]
[Result "1-0"]
[WhiteElo "2347"]
[BlackElo "2467"]
[TimeControl "180+1"]
[EndTime "11:43:39 PDT"]
[Termination "ahachess won on time"]

1. d4 d5 2. c4 e6 3. Nf3 Nf6 4. Qc2 Be7 5. Bg5 O-O 6. e3 a6 7. Nc3 Nbd7 8. Rd1 dxc4 9. Bxc4 b5 10. Be2 Bb7 11. O-O Qc8 12. Ne5 h6 13. Bh4 Re8 14.
f4 c5 15. Nxd7 Nxd7 16. Bxe7 Rxe7 17. Qd2 b4 18. Na4 Qc6 19. Bf3 Qxa4 20. Bxb7 Rb8 21. b3 Qb5 22. Be4 Nf6 23. Bd3 Qb6 24. dxc5 Qxc5 25. Bxa6 Ra7 26. Bc4 Rba8 27. Qd4 Qh5 28.
Rd2 Rd7 29. Qb2 Rda7 30. Qd4 Rd7 31. Qb2 Qc5 32. Re1 Rad8 33. Rxd7 Rxd7 34. h3 Ne4 35. Re2 Nc3 36. Re1 Ne4 37. Re2 Rd1+ 38. Kh2 Nc3 39. Rf2 Qxe3 40. Rf3 Qg1+ 41. Kg3 Ne4+ 42. Kh4 Qe1+ 43. g3 Nd2 44. Rd3 Nf1 45. Rf3 Rd2 46. Qe5 1-0

[Event "*** Titled Tuesday Blitz"]
[Site "Chess.com"]
[Date "2020.04.14"]
[Round "9"]
[White "rynos0411"]
[Black "ClockworkKubrick"]
[Result "1-0"]
[WhiteElo "2394"]
[BlackElo "2201"]
[TimeControl "180+1"]
[EndTime "11:43:42 PDT"]
[Termination "rynos0411 won by resignation"]

1. e4 d6 2. d4 Nf6 3. Nc3 g6 4. Be3 Bg7 5. f3 O-O 6. Qd2 c6 7. O-O-O Nbd7 8. g4 b5 9. h4 h5 10. gxh5 Nxh5 11. Nge2 e5 12. f4 Qa5 13. a3 Nb6 14.
Kb1 Nc4 15. Qd3 Nxe3 16. Qxe3 b4 17. axb4 Qxb4 18. dxe5 Rb8 19. b3 dxe5 20. f5 Nf4 21. h5 Ba6 22. Na2 Qa3 23. h6 Bf6 24. fxg6 fxg6 25. Rh2 Kh7 26. Qc1 Qa5 27. Nxf4 exf4 28. Rd7+ Kh8 29. Rxa7 Rb6 30. Bxa6 Rxa6 31. Rxa6 Qxa6 32.
Qxf4 c5 33. e5 Be7 34. Qe4 Kh7 35. Rg2 Qe6 36. Kb2 Rf5 37. Re2 Kxh6 38. Nc3 Kg7 39. Nd5 Bf8 40. Nf4 Qd7 41. e6 Qd4+ 42.
Qxd4+ cxd4 43. Nd3 Kf6 44. Re4 Bd6 45. Rxd4 Kxe6 46.
Re4+ Kf6 47. c4 g5 48. b4 Bf4 49. Nxf4 gxf4 50. Re1 f3 51. Rf1 Ke5 52. Kc3 Ke4 53. c5 Ke3 54. c6 Ke2 55. Ra1 f2 56. Ra2+ Ke3 57. Rxf2 Kxf2 58. Kc4 Ke3 59. b5 Ke4 60. b6 Ke5 61. b7 Rf8 62. c7 Kd6 63. c8=Q Rxc8+ 64.
bxc8=Q 1-0

[Event "*** Titled Tuesday Blitz"]
[Site "Chess.com"]
[Date "2020.04.14"]
[Round "9"]
[White "BahadirOzen"]
[Black "viktorskliarov"]
[Result "0-1"]
[WhiteElo "2812"]
[BlackElo "2670"]
[TimeControl "180+1"]
[EndTime "11:43:44 PDT"]
[Termination "viktorskliarov won by resignation"]

1. Nf3 g6 2. c4 Bg7 3. e4 c5 4. d4 cxd4 5. Nxd4 Nc6 6. Be3 Nf6 7. Nc3 Ng4 8. Qxg4 Nxd4 9. Qd1 Ne6 10. Qd2 Qa5 11.
Rc1 b6 12. Be2 Bb7 13. f3 g5 14. O-O Be5 15. Rfd1 d6 16. Nd5 Qxd2 17. Rxd2 Rc8 18. b3 Bxd5 19. exd5 Bf4 20. Rc3 Bxe3+ 21. Rxe3 Nf4 22.
Bd3 Nxd3 23. Rdxd3 Kd7 24. Re4 a6 25. Rde3 Rhe8 26.
h4 h6 27. hxg5 hxg5 28. a4 e5 29. dxe6+ fxe6 30. Rd4 b5 31. axb5 axb5 32. Kf2 bxc4 33. bxc4 Rc6 34. Rg4 Rg8 35. f4 Rxc4 36. g3 Rc5 37.
Ra3 Ke7 38. fxg5 Rgxg5 39. Rh4 Rc2+ 40. Kf3 Rf5+ 41. Rf4 Rxf4+ 42. gxf4 Kf6 43. Ra8 d5 44. Ke3 Rc4 45. Rf8+ Ke7 46. Rh8 Re4+ 47. Kf3 Ra4 48. Ke3 Kd6 49. Rc8 Kd7 50. Rh8 Ra3+ 51. Kd4 Rf3 52.
Rh4 Kd6 53. Rg4 Rxf4+ 54. Rxf4 e5+ 55. Ke3 exf4+ 56. Kxf4 Kc5 57. Ke3 Kc4 58. Kd2 Kd4 59. Kd1 Kd3 60. Kc1 Ke2 0-1

[Event "*** Titled Tuesday Blitz"]
[Site "Chess.com"]
[Date "2020.04.14"]
[Round "9"]
[White "JakubPulpan"]
[Black "ChessicallyInclined"]
[Result "0-1"]
[WhiteElo "2743"]
[BlackElo "2614"]
[TimeControl "180+1"]
[EndTime "11:43:44 PDT"]
[Termination "ChessicallyInclined won by resignation"]

1. e4 d6 2. d4 Nf6 3. Nc3 g6 4. Nf3 Bg7 5. Be2 O-O 6. O-O c6 7. a4 Nbd7 8. h3 Qc7 9. Be3 b6 10. Qd2 Bb7 11. Rfd1 a6 12. Bh6 e5 13. Bxg7 Kxg7 14.
dxe5 dxe5 15. Qd6 Qxd6 16. Rxd6 Rfe8 17. Nd2 b5 18. f3 Kf8 19. Nb3 Ke7 20. Rdd1 Rad8 21.
Na5 Ba8 22. Na2 Nc5 23. Nb4 Rxd1+ 24. Rxd1 Rc8 25. b3 Nh5 26. Kf2 Nf4 27. Bf1 Nfe6 28. c3 f5 29. exf5 gxf5 30. axb5 axb5 31. c4 Nd4 32. f4 Ne4+ 33. Kg1 c5 34. Nd3 bxc4 35. Nxc4 exf4 36. Nxf4 Rb8 37. Ra1 Bc6 38. Nd2 Nxd2 39. Ra7+ Kd6 40. Rxh7 Rxb3 41. Rh6+ Ke5 42. Nd3+ Kd5 43.
Nf4+ Ke4 44. Ne6 Rb1 45. Nxd4 Rxf1+ 46. Kh2 cxd4 47. Rxc6 Ke3 48. h4 Ne4 49. Rc1 Rxc1 0-1

[Event "*** Titled Tuesday Blitz"]
[Site "Chess.com"]
[Date "2020.04.14"]
[Round "9"]
[White "CookiesAndIceCream"]
[Black "chessintuit"]
[Result "0-1"]
[WhiteElo "2379"]
[BlackElo "2613"]
[TimeControl "180+1"]
[EndTime "11:43:44 PDT"]
[Termination "chessintuit won on time"]

1. e4 e5 2. Nf3 Nc6 3. Nc3 Nf6 4. Bb5 Nd4 5. Bc4 Bc5 6. d3 d6 7. Na4 Bg4 8. Nxc5 dxc5 9. Bxf7+ Ke7 10. Bb3 Rf8 11.
c3 Nxb3 12. axb3 Nxe4 13. dxe4 Qxd1+ 14. Kxd1 Rxf3 15. gxf3 Bxf3+ 16. Ke1 Bxh1 17. f4 Bxe4 18. fxe5 Ke6 19. Bf4 Bc2 20. b4 cxb4 21. cxb4 Rf8 22. Bg3 Be4 23. Rxa7 Rf3 24. Ra3 Rf7 25. Ke2 Bc6 26.
Rc3 Rd7 27. Ke3 Rf7 28. Rc5 Rf3+ 29. Kd4 Rb3 30. b5 Rxb5 31. Rxb5 Bxb5 32. b4 Bc6 33. Kc5 g5 34. b5 Bf3 35. b6 cxb6+ 36. Kxb6 h5 37.
h4 gxh4 38. Bh2 Bd5 39. Kc5 Bc6 40. Kd4 Kf5 41. Ke3 b5 42. e6 Kxe6 43. Bc7 Kf5 44. Bd6 Kg4 45. Kf2 h3 46. Kg1 Kf3 47. Kh2 Ke3 48.
Kxh3 Kd3 49. Kh4 Bf3 50. Kg3 Bd1 51. Kf2 h4 52. Ke1 Bg4 53. Kf2 Kc3 54. Ke3 b4 55. Kf4 Be6 56. Ke5 b3 0-1

[Event "*** Titled Tuesday Blitz"]
[Site "Chess.com"]
[Date "2020.04.14"]
[Round "9"]
[White "MisiekZielony"]
[Black "thedjoker98"]
[Result "1/2-1/2"]
[WhiteElo "2223"]
[BlackElo "2464"]
[TimeControl "180+1"]
[EndTime "11:43:45 PDT"]
[Termination "Game drawn - insufficient material"]

1. c4 e5 2. Nc3 Bb4 3. Qc2 Nf6 4. Nf3 Nc6 5. e3 O-O 6. Nd5 Bc5 7. a3 a5 8. b3 d6 9. Bd3 h6 10. Nxf6+ Qxf6 11. Bh7+ Kh8 12. Be4 Qe7 13. Bb2 Be6 14. O-O f5 15.
Bxc6 bxc6 16. d4 e4 17. Nd2 Bb6 18. b4 axb4 19. axb4 c5 20. bxc5 dxc5 21. d5 Bd7 22.
Rxa8 Rxa8 23. Ra1 Rxa1+ 24. Bxa1 c6 25. Bc3 Kh7 26. g3 Bc7 27. Qb2 Be8 28. Nb3 cxd5 29.
cxd5 Bh5 30. Nd2 Bf3 31. Nxf3 exf3 32. Qd2 Qe4 33. Qd1 Kg6 34. h3 Bxg3 35. d6 Bxf2+ 36. Kxf2 Qh4+ 37. Kf1 Qxh3+ 38. Ke1 Qg3+ 39. Kd2 Qxd6+ 40.
Kc2 Qxd1+ 41. Kxd1 Kh5 42. Bxg7 Kg5 43. Ke1 c4 44. Kf2 f4 45. e4 h5 46. Kxf3 h4 47.
Bc3 h3 48. Bd2 Kf6 49. Bxf4 c3 50. Kg3 c2 51. Kxh3 c1=Q 52. Bxc1 Ke5 53. Kg3 Kxe4 1/2-1/2

[Event "*** Titled Tuesday Blitz"]
[Site "Chess.com"]
[Date "2020.04.14"]
[Round "9"]
[White "moro182"]
[Black "Khamrakulov_Djurabek"]
[Result "1-0"]
[WhiteElo "2710"]
[BlackElo "2886"]
[TimeControl "180+1"]
[EndTime "11:43:46 PDT"]
[Termination "moro182 won by resignation"]

1. d4 Nf6 2. Bf4 d6 3. Nf3 Nbd7 4. e3 g6 5. h3 Bg7 6. Nbd2 O-O 7. Bh2 c5 8. c3 cxd4 9. exd4 e5 10. dxe5 dxe5 11.
Bc4 e4 12. Nd4 Nb6 13. Bb3 Nbd5 14. Nc4 a6 15. O-O Nh5 16. Nd6 Ndf4 17. Nxe4 Re8 18. Qf3 Bxd4 19. Bxf4 Nxf4 20. Qxf4 Bf5 21. Ng5 Be5 22.
Qh4 h6 23. Qxh6 Bg7 24. Qh7+ Kf8 25. Nxf7 Qf6 26. Nh6 Bxh6 27. Qxh6+ Qg7 28. Qxg7+ Kxg7 29. Rfe1 a5 30. Ba4 Rxe1+ 31. Rxe1 Kf6 32. g4 Be6 33. Bb3 Bxb3 34. axb3 Ra6 35. Re4 Rb6 36. b4 a4 37.
Kg2 Rd6 38. b5 Rd2 39. Rxa4 Rxb2 40. Rb4 Rc2 41. Rc4 Rb2 42. Rc5 Ke6 43. Kg3 Kf6 44. f3 Ke6 45. h4 Kd6 46. Rg5 Ke7 47. Rxg6 Rxb5 48. Rg5 Rb3 49. Rc5 Kd6 50. Rc4 b5 51.
Rc8 Kd7 52. Rc5 Kd6 53. Rf5 Kc6 54. h5 Rxc3 55. h6 Rd3 56. h7 Rd8 57. Rh5 Rh8 58. g5 b4 59. g6 b3 60. g7 1-0

[Event "*** Titled Tuesday Blitz"]
[Site "Chess.com"]
[Date "2020.04.14"]
[Round "9"]
[White "krzyzan94"]
[Black "Beca95"]
[Result "0-1"]
[WhiteElo "2702"]
[BlackElo "2894"]
[TimeControl "180+1"]
[EndTime "11:43:46 PDT"]
[Termination "Beca95 won by checkmate"]

1. d4 Nf6 2. Nf3 e6 3. Bf4 d5 4.
Nbd2 Bd6 5. e3 O-O 6. c3 b6 7. h4 c5 8. h5 h6 9. Bd3 Bxf4 10. exf4 Qd6 11. Ne5 Ba6 12. Qe2 Bxd3 13. Qxd3 cxd4 14. cxd4 Nc6 15. a3 Ne4 16. Ndf3 Rac8 17. O-O Ne7 18. Rfe1 Rc7 19. g4 f6 20. g5 fxe5 21. fxe5 Qd8 22.
gxh6 Nf5 23. h7+ Kxh7 24. Rad1 Rcf7 25. Rxe4 dxe4 26. Qxe4 Kh8 27. d5 Ng3 28. fxg3 Rxf3 29. Kg2 Qg5 30. Qxf3 Rxf3 31. Kxf3 Qxh5+ 32. g4 Qf7+ 33. Ke4 exd5+ 34. Rxd5 g5 35. Rd6 Qf4+ 36. Kd5 Kg7 37.
Rd7+ Kf8 38. e6 Qxg4 39. Rxa7 Qf5+ 40. Kd6 Qf4+ 41. Kd5 g4 42. Ra8+ Kg7 43. Ra7+ Kg6 44. Rf7 Qd2+ 45. Kc6 g3 46. Rf8 Qc2+ 47. Kd7 Qd3+ 48.
Kc7 Qe3 49. Kd7 Qd4+ 50. Ke8 g2 51. Rg8+ Kf6 52. Rxg2 Kxe6 53. Rc2 Qd7+ 54. Kf8 Qf7# 0-1

[Event "*** Titled Tuesday Blitz"]
[Site "Chess.com"]
[Date "2020.04.14"]
[Round "9"]
[White "Harry_Rakkel"]
[Black "GMAkobianSTL"]
[Result "1-0"]
[WhiteElo "2576"]
[BlackElo "2764"]
[TimeControl "180+1"]
[EndTime "11:43:46 PDT"]
[Termination "Harry_Rakkel won on time"]

1. d4 d5 2. c4 e6 3. Nc3 c5 4. cxd5 exd5 5. Nf3 Nc6 6. e3 c4 7. Ne5 Bb4 8. Qa4 Ne7 9. Bd2 O-O 10. Be2 a6 11. O-O b5 12. Qd1 f6 13. Nxc6 Nxc6 14. Bf3 Be6 15. Ne2 Bd6 16. e4 Ne7 17. Nf4 Bxf4 18.
Bxf4 dxe4 19. Bxe4 Bd5 20. Bc2 Ng6 21. Bg3 Qd7 22. Qd2 Rfe8 23. h3 Rad8 24. Rfe1 Rxe1+ 25. Rxe1 Bc6 26. Qa5 Ra8 27. Qb6 Qb7 28. Qxb7 Bxb7 29. Re6 Bd5 30. Rd6 Bf7 31. Be4 Re8 32. f3 Ne7 33.
Rxa6 f5 34. Bb7 Bd5 35. Bxd5+ Nxd5 36. Be5 b4 37. Rd6 Ne3 38. Rd7 c3 39. bxc3 bxc3 40.
Rxg7+ Kf8 41. Rc7 Nd5 42. Rc5 Rd8 43. Kf2 Ke7 44. Ke2 Ke6 45. Kd3 Ra8 46. Rc6+ Ke7 47.
Rd6 Ra5 48. a4 f4 49. Rh6 Rxa4 50. Rxh7+ Ke6 51. Rh6+ Ke7 52. Rd6 Ra5 53. h4 Ne3 54. h5 c2 55. Rc6 Ra1 56. Bxf4 1-0

[Event "*** Titled Tuesday Blitz"]
[Site "Chess.com"]
[Date "2020.04.14"]
[Round "9"]
[White "SahajGrover"]
[Black "Bykov_Egor"]
[Result "0-1"]
[WhiteElo "2683"]
[BlackElo "2582"]
[TimeControl "180+1"]
[EndTime "11:43:46 PDT"]
[Termination "Bykov_Egor won by resignation"]

1. d4 f6 2. e4 g6 3. Nc3 Bg7 4. h4 Nh6 5. Bc4 c6 6. Be3 e6 7.
d5 b5 8. Bb3 a5 9. a4 b4 10. Nce2 cxd5 11. exd5 Nf5 12. dxe6 Nxe3 13. exd7+ Qxd7 14. fxe3 Bh6 15. Nf4 Qxd1+ 16. Rxd1 Na6 17. Nd5 Kf8 18. Nxf6 Bxe3 19. h5 Kg7 20. Nd5 Bh6 21.
hxg6 Re8+ 22. Kf2 hxg6 23. Nf3 Nc5 24. Nc7 Ne4+ 25. Ke1 Bf5 26. Nxa8 Ng3+ 27. Kf2 Nxh1+ 28. Rxh1 Be3+ 29. Kg3 Rxa8 30. Re1 Bc5 31. Kf4 Rd8 32. Re2 Kf6 33. g4 Bd6+ 34. Ne5 Bxe5+ 35. Kf3 Bc8 36. g5+ Kf5 37. c4 Bb7+ 38. Kf2 Kf4 39. Bc2 Rh8 40. Ke1 Rh1+ 41. Kd2 Bf3 42. Re3 Rh2+ 43. Kd3 Rxc2 44. Rxf3+ Kxf3 45. Kxc2 Ke4 0-1

[Event "*** Titled Tuesday Blitz"]
[Site "Chess.com"]
[Date "2020.04.14"]
[Round "9"]
[White "mathapples"]
[Black "Spriteball"]
[Result "1-0"]
[WhiteElo "2332"]
[BlackElo "1951"]
[TimeControl "180+1"]
[EndTime "11:43:46 PDT"]
[Termination "mathapples won on time"]

1. d4 Nf6 2. c4 e6 3. g3 d5 4. Bg2 Be7 5. Nf3 O-O 6. O-O dxc4 7. Nc3 c6 8. Ne5 Nbd7 9. Nxc4 Nb6 10. Ne5 Nbd5 11.
e4 Nxc3 12. bxc3 c5 13. d5 exd5 14. exd5 Bf5 15. Bf4 Bd6 16. Re1 Re8 17. Qd2 Qc7 18. Nd3 Bxd3 19. Bxd6 Qxd6 20. Qxd3 a6 21. c4 b6 22. Re3 Rxe3 23. Qxe3 Re8 24. Qc3 a5 25. Re1 Rxe1+ 26. Qxe1 Kf8 27. f4 Nd7 28. Qe4 h6 29.
Qh7 Qf6 30. Qc2 Qa1+ 31. Kf2 Qd4+ 32. Kf1 Qa1+ 33. Ke2 Qg1 34. Kf3 Qxh2 35. Qh7 g6 36. Qh8+ Ke7 37. Qc3 Qh5+ 38. g4 Qh4 39. Qe3+ Kd6 40.
a4 Qf6 41. Qb3 Ne5+ 42. Kg3 Nd7 43. Bh3 g5 44. fxg5 hxg5 45. Qb5 Qf4+ 46. Kg2 Qd2+ 47. Kg3 Qe3+ 48. Kg2 Qe2+ 49. Kg1 Qe1+ 50. Bf1 Qg3+ 51. Bg2 Qe3+ 52. Kh1 Qe1+ 53. Kh2 Qh4+ 54. Kg1 Qe1+ 55.
Kh2 Qh4+ 56. Bh3 Ne5 57. Qxb6+ Kd7 58. Qa7+ Kc8 59. Qa8+ Kc7 60. Qxa5+ Kd7 61. Qa7+ 1-0

[Event "*** Titled Tuesday Blitz"]
[Site "Chess.com"]
[Date "2020.04.14"]
[Round "9"]
[White "czasnaszachy"]
[Black "HrvojeZagreb"]
[Result "0-1"]
[WhiteElo "2295"]
[BlackElo "2192"]
[TimeControl "180+1"]
[EndTime "11:43:47 PDT"]
[Termination "HrvojeZagreb won on time"]

1. d4 e6 2. c4 f5 3. g3 Nf6 4. Bg2 Be7 5. Nf3 O-O 6. O-O d6 7. Nc3 Nc6 8. Bf4 Ne4 9. Qc2 Nxc3 10. Qxc3 Bf6 11. b4 Nxd4 12. Nxd4 e5 13. Be3 exd4 14.
Bxd4 Bxd4 15. Qxd4 Qf6 16. Rfd1 f4 17. c5 Qxd4 18.
Rxd4 dxc5 19. bxc5 fxg3 20. hxg3 c6 21. Rb1 a5 22. f4 a4 23. e4 Ra5 24. Rc4 Rd8 25. Rb2 a3 26. Rbc2 Rd1+ 27. Kf2 Rb1 28. f5 Rb2 29. Ke3 g6 30. g4 Kf7 31. Bf1 g5 32. e5 h5 33. Be2 hxg4 34. Bxg4 Rxc2 35. Rxc2 Ra4 36. Kf3 Rf4+ 37. Kg3 Bxf5 38. Bxf5 Rxf5 39. Rc3 Rxe5 40. Rxa3 Rxc5 41. Ra7 Rb5 42. Kg4 Kg6 43. a4 Rb4+ 44. Kg3 Kf5 45. Ra8 Rb3+ 46. Kf2 Ra3 47. Rb8 Rb3 48. Rf8+ Kg4 49. Rd8 c5 50. Rc8 Rc3 51. Rb8 c4 52. Rxb7 Ra3 0-1

[Event "*** Titled Tuesday Blitz"]
[Site "Chess.com"]
[Date "2020.04.14"]
[Round "9"]
[White "temus_galaktionov"]
[Black "wonderfultime"]
[Result "0-1"]
[WhiteElo "2793"]
[BlackElo "2948"]
[TimeControl "180+1"]
[EndTime "11:43:48 PDT"]
[Termination "wonderfultime won by resignation"]

1. d4 d5 2. Nf3 Nf6 3. c4 c6 4.
Qb3 dxc4 5. Qxc4 Bg4 6. Nbd2 Nbd7 7. h3 e6 8. hxg4 Nxg4 9. e3 Bd6 10. Bd3 h6 11. e4 e5 12. d5 Bc5 13. Rf1 Qb6 14.
dxc6 Bxf2+ 15. Ke2 bxc6 16. Nb3 Ndf6 17. Bd2 Rd8 18. Qb4 Nh5 19. Qxb6 Bxb6 20. Bc4 Ng3+ 21. Ke1 Nxf1 22. Kxf1 O-O 23. Ke2 Rd7 24. Bc3 Re8 25. a4 Ne3 26. Bd3 Nxg2 27. Nxe5 Nf4+ 28. Kd2 Rxe5 29.
Bxe5 Nxd3 30. Bc3 Nc5+ 31. Kc2 Nxe4 32. Be5 f6 33. Bh2 c5 34. a5 c4 35. axb6 cxb3+ 36. Kxb3 axb6 37. Ra8+ Kh7 38. Rb8 Rd2 39. Bg1 Nc5+ 40.
Kc3 Rg2 41. Bd4 h5 42. Kc4 h4 43. Rxb6 Ne4 44. b4 h3 45. Ra6 h2 46. Ra1 Ng3 47. b5 Rc2+ 48. Kd3 Rc8 49. b6 h1=Q 50. Rxh1+ Nxh1 51. Ke4 Ng3+ 52. Kd5 Nf5 53. Bf2 Kg6 54. Ke6 Rc2 55.
b7 Rb2 0-1

[Event "*** Titled Tuesday Blitz"]
[Site "Chess.com"]
[Date "2020.04.14"]
[Round "9"]
[White "Alexander_Zubov"]
[Black "Kobalia"]
[Result "0-1"]
[WhiteElo "2854"]
[BlackElo "2687"]
[TimeControl "180+1"]
[EndTime "11:43:48 PDT"]
[Termination "Kobalia won on time"]

1. e4 c6 2. Nf3 d5 3. d3 g6 4. e5 Bg7 5. Bf4 f6 6. Qe2 Bg4 7. Nbd2 Nd7 8. exf6 Ngxf6 9. h3 Bxf3 10. Nxf3 Qb6 11.
c3 O-O 12. Be3 Qc7 13. g3 e5 14. Bg2 e4 15. dxe4 Nxe4 16. O-O Rae8 17. Rae1 Nd6 18.
Qc2 Ne5 19. Nxe5 Rxe5 20. Bf4 Rxe1 21. Rxe1 Qd7 22. Qa4 Nc4 23. Qxa7 Nxb2 24. Rb1 Bxc3 25. Bc1 Qg7 26. Be3 d4 27. Bc1 d3 28. Bxb2 Bxb2 29.
Qe3 Bd4 30. Qxd3 Rxf2 31. Kh1 h5 32. a4 Kh7 33. Be4 Kh6 34. a5 Qd7 35. Bg2 Ra2 36. Rd1 c5 37. Rb1 Qf5 38. Qxf5 gxf5 39. Rb6+ Kg7 40.
Rxb7+ Kf6 41. Rb6+ Ke5 42. Rb5 Ra1+ 43. Kh2 Bg1+ 44.
Kh1 h4 45. Bf3 Bf2+ 46. Kg2 hxg3 47. h4 Kf4 48. Rb3 c4 49. Rc3 Bd4 50. Rc2 Rg1+ 51. Kh3 Kxf3 0-1